 Dungeon Crawl Stone Soup version 0.31-a0-43-g46d131a48f (webtiles) character file.

Game seed: 9186206048129197631

10610 pk666 the Thaumaturge (level 11, -2/81 HPs)
             Began as a Deep Elf Fire Elementalist on May 18, 2023.
             Was a Believer of Vehumet.
             Slain by a merfolk
             ... wielding a +0 trident
              (14 damage)
             ... on level 2 of the Lair of Beasts on May 19, 2023.
             The game lasted 00:33:34 (12139 turns).

pk666 the Thaumaturge (Deep Elf Fire Elementalist) Turns: 12139, Time: 00:33:35

Health: -2/81      AC: 25    Str: 12    XL:     11   Next: 38%
Magic:  30/37      EV:  2    Int: 25    God:    Vehumet [**....]
Gold:   300        SH:  0    Dex: 17    Spells: 19/33 levels left

rFire   . . .        e - +1 war axe of Red Wine {freeze, rElec Str+7 Dex+2}
rCold   . . .        (no shield)
rNeg    . . .        a - melded +0 robe
rPois   +            (helmet currently unavailable)
rElec   +            (cloak currently unavailable)
rCorr   .            y - melded +0 pair of gloves
SInv    .            c - melded +0 pair of boots
Will    +....        C - amulet of magic regeneration
Stlth   ++           g - ring of magical power
HPRegen 0.33/turn    t - +5 ring of evasion
MPRegen 0.65/turn

%: no passive effects
@: tree-form
A: stationary, stasis, torment immunity, boosted hp
a: Renounce Religion


You were on level 2 of the Lair of Beasts.
You worshipped Vehumet.
Vehumet was pleased with you.
You were a tree.
You visited 3 branches of the dungeon, and saw 12 of its levels.

You collected 567 gold pieces.
You spent 267 gold pieces at shops.

Inventory:

Hand Weapons
 e - the +1 war axe of Red Wine (weapon) {freeze, rElec Str+7 Dex+2}
   (You took it off a gnoll on level 6 of the Dungeon)

   Str:       It affects your strength (+7).
   Dex:       It affects your dexterity (+2).
   rElec:     It insulates you from electricity.
Missiles
 B - 3 throwing nets
Armour
 a - a +0 robe (melded)
 c - a +0 pair of boots (melded)
 y - a +0 pair of gloves (melded)
 D - the +1 robe "Notoidot" {+Blink rElec Will- Str+4}
   (You bought it in a shop on level 7 of the Dungeon)

   Str:       It affects your strength (+4).
   rElec:     It insulates you from electricity.
   +Blink:    It lets you blink.
   Will:      It decreases your willpower.
Jewellery
 g - a ring of magical power (left branch)
 t - a +5 ring of evasion (right branch)
 u - a ring of flight
 v - a ring of magical power
 w - an amulet of faith
 C - an amulet of magic regeneration (around neck)
Wands
 p - a wand of charming (6)
 q - a wand of polymorph (3)
 z - a wand of flame (37)
 F - a wand of roots (9)
 G - a wand of light (6)
Scrolls
 d - a scroll of poison
 f - 3 scrolls of fog
 h - a scroll of summoning {unknown}
 i - a scroll of brand weapon {unknown}
 k - 4 scrolls of fear {unknown}
 o - a scroll of amnesia {unknown}
 r - a scroll of blinking
 x - a scroll of immolation {unknown}
 A - a scroll of acquirement {unknown}
 H - a scroll of enchant weapon {unknown}
 I - a scroll of magic mapping
 L - a scroll of enchant armour {unknown}
Potions
 b - 2 potions of magic
 j - 2 potions of lignification
 l - 4 potions of brilliance
 m - 3 potions of curing
 n - 2 potions of haste
 s - a potion of ambrosia
 E - 2 potions of might
 J - a potion of degeneration {unknown}
 K - 3 potions of cancellation


   Skills:
 + Level 10.6 Dodging
 - Level 2.4 Stealth
 + Level 11.6 Spellcasting
 + Level 9.5 Conjurations
 + Level 10.1 Fire Magic
 - Level 6.0 Poison Magic


You had 19 spell levels left.
You knew the following spells:

 Your Spells              Type           Power      Damage    Failure   Level
a - Foxfire               Conj/Fire      100%       2x1d9     1%          1
b - Scorch                Fire           100%       2d9       1%          2
c - Flame Wave            Conj/Fire      59%        2d14      1%          4
d - Mephitic Cloud        Conj/Pois/Air  40%        N/A       1%          3
g - Olgreb's Toxic Radia  Pois           44%        N/A       3%          4

Your spell library contained the following spells:

 Spells                   Type           Power      Damage    Failure   Level
 Dazzling Flash           Conj/Hex       76%        N/A       1%          3
 Magic Dart               Conj           100%       1d8       1%          1
 Sting                    Tmut/Pois      100%       1d8       1%          1
 Poisonous Vapours        Pois/Air       58%        N/A       1%          2
 Inner Flame              Hex/Fire       39%        N/A       1%          3
 Volatile Blastmotes      Fire/Tloc      78%        2d16      1%          3
 Call Imp                 Summ           28%        N/A       6%          2
 Ozocubu's Armour         Ice            14%        N/A       13%         3
 Metabolic Englaciation   Hex/Ice        7%         N/A       75%         5
 Simulacrum               Ice/Necr       7%         N/A       100%        6


Dungeon Overview and Level Annotations

Branches:
Dungeon (9/15)             Temple (1/1) D:7            Lair (2/5) D:8
 Shoals (0/4) Lair:2       Spider (0/4) Lair:2
    Orc: D:9-12

Altars:
Ashenzari
Cheibriados
Elyvilon
Fedhas
Gozag
Hepliaklqana
Kikubaaqudgha
Makhleb
Nemelex Xobeh
Okawaru
Qazlal
Ru
Sif Muna
Trog
Vehumet
Wu Jian
Xom
The Shining One

Shops:
D:4 =   D:7 *   D:8 [

Annotations:
D:2 1 runed translucent door, Crazy Yiuf
D:3 2 transporters, PaleRider's ghost, weakling OpTm
D:8 exclusion: boulder beetle


Message History

The merfolk throws a boomerang.
The boomerang closely misses you.
A merfolk comes into view. It is wielding a +0 trident.
The merfolk barely misses you. The merfolk barely misses you.
The merfolk hits you from afar with a +0 trident.
Flames lash the merfolk.
The merfolk is burned terribly!
The merfolk is moderately wounded.
The merfolk throws a boomerang.
The boomerang closely misses you.
Casting: Scorch (safe; 1% risk of failure)
Confirm with . or Enter, or press ? or * to list all spells.
Okay, then.
Casting: Scorch (safe; 1% risk of failure)
Confirm with . or Enter, or press ? or * to list all spells.
You begin to radiate toxic energy.
The merfolk is poisoned. x2
The merfolk looks even sicker. x2
The merfolk looks even sicker.
The merfolk is poisoned.
Your toxic aura wanes.
The merfolk completely misses you. The merfolk misses you.
The merfolk hits you from afar with a +0 trident.
Casting: Olgreb's Toxic Radiance (dangerous; 3% risk of failure)
Confirm with . or Enter, or press ? or * to list all spells.
Casting: Flame Wave (dangerous; 1% risk of failure)
Press: ? - help, Dir - look around, f - activate A wave of flame ripples out!
The flame wave engulfs the merfolk!
The merfolk is moderately wounded.
The flame wave engulfs the merfolk!!
The merfolk is burned terribly!
You kill the merfolk!
Vehumet accepts your kill. (Press . to intensify the flame waves.)
You hear a shout!
You hear a loud, deep croak!
The merfolk hits you with a +0 trident!!
The merfolk hits you from afar with a +0 trident!!
* * * LOW HITPOINT WARNING * * *
Really quaff the potion of lignification?
You turn into a tree.
Your +0 pair of gloves melds into your body.
Your +0 pair of boots melds into your body.
Your +0 robe melds into your body.
Your roots penetrate the ground.
The merfolk hits you with a +0 trident!
You die...

.. ........... ..... ...
.......... ...... ....
.......... #.....
....####......... .......
................. ........
..........................
........................#.
..###.mm)................
#..~##♣#...............
#.~.##.................
#..~##.............#.#..
#m~~ ##.............#...
#.#~# #.#P..........#...
#.>~ ##....#............
#.#~ ##..#P.#............
#...................
##...P#.............


You could see 2 merfolk.

Vanquished Creatures
  Maurice (D:8)
  A black mamba (Lair:1)
  A rime drake (Lair:1)
  5 cane toads
  A komodo dragon (D:8)
  A merfolk (Lair:2)
  A polar bear (Lair:1)
  6 blink frogs
  Sigmund (D:4)
  3 wyverns
  9 yaks
  3 steam dragons
  10 water moccasins
  An orc warrior (D:6)
  2 black bears
  An ice beast (D:7)
  2 sky beasts
  5 wolves (Lair:1)
  2 ogres (D:6)
  4 centaurs
  A kobold brigand (D:9)
  A phantom (D:6)
  Blork the orc (D:4)
  2 bullfrogs (D:6)
  A gnoll sergeant (D:8)
  A killer bee (D:9)
  4 howler monkeys
  5 orc priests
  2 hounds (D:5)
  3 jellies
  A gnoll bouda (D:6)
  3 sleepcaps
  7 iguanas
  5 orc wizards
  Robin (D:1)
  14 gnolls
  13 adders
  A shadow imp (D:6)
  3 white imps
  2 ufetubi
  4 worms
  5 dart slugs
  18 orcs
  8 bats
  9 endoplasms
  5 giant cockroaches
  13 goblins
  17 hobgoblins
  3 quokkas
  9 ball pythons
  5 frilled lizards
  16 kobolds
  12 rats
255 creatures vanquished.

Vanquished Creatures (collateral kills)
  5 foxfires (D:7)
5 creatures vanquished.

Vanquished Creatures (others)
  571 foxfires
571 creatures vanquished.

Grand Total: 831 creatures vanquished

Notes
Turn   | Place    | Note
-------+----------+-------------------------------------------
     0 | D:1      | pk666 the Deep Elf Fire Elementalist began the quest for
                  | the Orb.
     0 | D:1      | Reached XP level 1. HP: 10/10 MP: 6/6
   180 | D:1      | Reached XP level 2. HP: 15/15 MP: 4/8
   243 | D:1      | Learned a level 2 spell: Scorch
   519 | D:1      | Reached XP level 3. HP: 19/19 MP: 7/10
  1249 | D:2      | Found a sacrificial altar of Ru.
  1296 | D:2      | Noticed Robin
  1318 | D:1      | Killed Robin
  1521 | D:2      | Reached XP level 4. HP: 24/24 MP: 9/11
  1590 | D:2      | Learned a level 4 spell: Flame Wave
  1616 | D:2      | Reached skill level 4 in Spellcasting
  2457 | D:2      | Found a runed translucent door.
  2458 | D:2      | Noticed Crazy Yiuf
  2599 | D:3      | Reached XP level 5. HP: 28/28 MP: 11/13
  2758 | D:3      | Found a transporter.
  2864 | D:3      | Noticed PaleRider's ghost (weakling OpTm)
  3056 | D:3      | Found a transporter.
  3260 | D:3      | Found an iron altar of Okawaru.
  3317 | D:4      | Found Ruryif's Jewellery Shoppe.
  3464 | D:4      | Reached skill level 5 in Spellcasting
  3464 | D:4      | Reached XP level 6. HP: 32/32 MP: 11/15
  3925 | D:4      | Noticed Sigmund
  3934 | D:4      | Killed Sigmund
  3935 | D:4      | Reached skill level 5 in Dodging
  3935 | D:4      | Reached skill level 5 in Fire Magic
  3935 | D:4      | Reached XP level 7. HP: 28/36 MP: 17/17
  4132 | D:4      | Found a radiant altar of Vehumet.
  4132 | D:4      | Found a white marble altar of Elyvilon.
  4141 | D:4      | Became a worshipper of Vehumet
  4206 | D:4      | Noticed Blork the orc
  4223 | D:4      | Killed Blork the orc
  4224 | D:4      | Reached skill level 6 in Spellcasting
  4426 | D:4      | Found an ornate altar of the Wu Jian Council.
  4696 | D:5      | Entered Level 5 of the Dungeon
  4906 | D:5      | Found a hazy altar of Hepliaklqana.
  5285 | D:5      | Found a burning altar of Makhleb.
  5290 | D:5      | Reached skill level 5 in Conjurations
  5623 | D:6      | Reached XP level 8. HP: 41/41 MP: 19/20
  5745 | D:6      | Found a broken altar of Ashenzari.
  5980 | D:6      | Identified the +1 war axe of Red Wine {freeze, rElec Str+7
                  | Dex+2}
  5994 | D:6      | Reached skill level 7 in Spellcasting
  6123 | D:6      | Reached * piety under Vehumet
  6123 | D:6      | Offered knowledge of Shock by Vehumet.
  6670 | D:6      | HP: 1/41 [ogre/+0 giant club (11)]
  6672 | D:6      | Reached skill level 8 in Spellcasting
  7034 | D:6      | Reached XP level 9. HP: 45/45 MP: 23/23
  7775 | D:7      | Found a staircase to the Ecumenical Temple.
  7784 | Temple   | Entered the Ecumenical Temple
  8154 | D:7      | Found a blossoming altar of Fedhas.
  8247 | D:7      | Found Meesmued's Assorted Antiques.
  8299 | D:7      | Bought a lumpy copper amulet for 125 gold pieces
  8299 | D:7      | Bought a twisted robe for 142 gold pieces
  8299 | D:7      | Identified the +1 robe "Notoidot" {+Blink rElec Will-
                  | Str+4} (You bought it in a shop on level 7 of the Dungeon)
  8451 | D:7      | Reached skill level 9 in Spellcasting
  8706 | D:8      | Found a bloodstained altar of Trog.
  8716 | D:8      | Noticed a boulder beetle
  8802 | D:8      | Noticed Maurice
  8808 | D:8      | Killed Maurice
  9061 | D:8      | Offered knowledge of Searing Ray by Vehumet.
  9072 | D:8      | Reached ** piety under Vehumet
  9134 | D:8      | Found Yhitu's Specialty Armours.
  9378 | D:8      | Found a staircase to the Lair.
  9665 | D:8      | Learned a level 3 spell: Mephitic Cloud
  9670 | D:8      | Learned a level 4 spell: Olgreb's Toxic Radiance
  9671 | Lair:1   | Entered Level 1 of the Lair of Beasts
  9677 | Lair:1   | Noticed a cane toad
  9682 | Lair:1   | Killed a cane toad
  9683 | Lair:1   | Reached skill level 1 in Poison Magic
  9683 | Lair:1   | Reached XP level 10. HP: 50/50 MP: 22/25
  9684 | Lair:1   | Reached skill level 10 in Spellcasting
  9690 | Lair:1   | Noticed a cane toad
  9724 | D:8      | Killed a cane toad
  9995 | D:9      | Noticed a tengu warrior
  9998 | D:9      | Noticed a green ugly thing
 11079 | Lair:1   | Noticed a cane toad
 11081 | Lair:1   | Reached skill level 5 in Poison Magic
 11084 | Lair:1   | Killed a cane toad
 11085 | Lair:1   | Reached skill level 10 in Dodging
 11085 | Lair:1   | Reached skill level 11 in Spellcasting
 11386 | Lair:1   | Reached XP level 11. HP: 54/54 MP: 28/28
 11390 | Lair:1   | Offered knowledge of Dazzling Flash by Vehumet.
 11947 | Lair:2   | Found a hole to the Spider Nest.
 12052 | Lair:2   | Reached skill level 10 in Fire Magic
 12127 | Lair:2   | Found a staircase to the Shoals.
 12139 | Lair:2   | Slain by a merfolk

Illustrated notes

Levels and vault maps discovered:
D:1:      minmay_arrival_radiant_lines, layout_basic
D:2:      layout_basic, basic_altar, serial_corexii_hall,
          corexii_hall_statues_l, corexii_hall_statues_i, minmay_diced_spiral,
          uniq_crazy_yiuf_cottage, uniq_robin
D:3:      layout_rooms, okawaru_altar_gauntlet_db, gammafunk_ghost_stat_death,
          minmay_pentomino_pile
D:4:      layout_rooms, jmf_multi_god_temple, pdpol_wu_jian_five_deadly_venoms,
          serial_shops, nicolae_shop_tiny_glass,
          minmay_fractal_squares_diagonal_5, uniq_blork_the_orc, uniq_sigmund
D:5:      layout_cave_pools, worldfamousw_hep_ancestral_shrine,
          makhleb_blood_cavern_becter, nicolae_titane
D:6:      kennysheep_steamy, layout_loops_ring, mainiacjoe_overflow_paths,
          st_stairs_6
D:7:      layout_basic, mainiacjoe_overflow_cross_hatched,
          minmay_temple_entry_tees, serial_shops,
          nicolae_shop_overgrown_old_shop
D:8:      layout_loops_cross, general_overflow_altar, lair_entry_dummy,
          nicolae_barding_shop, uniq_maurice
D:9:      layout_irregular_city, minmay_bent
Temple:   compressed_dpeg_triangle_lava_temple
Lair:1:   layout_misc_corridors, gauntlet_entry_generic
Lair:2:   layout_gridlike, elwin_shoals_entry_stream,
          spider_nest_entry_web_field

Skill      XL: |  1  2  3  4  5  6  7  8  9 10 11 |
---------------+----------------------------------+-----
Dodging        | 3 4 5 6 7 8 10 | 10.6
Conjurations   | 2 3 4 5 6 7 9 |  9.5
Spellcasting   | 4 5 6 8 9 11 | 11.6
Fire Magic     | 4 5 6 7 8 9 10 | 10.1
Poison Magic   | 1 5 6 |  6.0
Stealth        | |  2.4

Action                     |  1- 3 |  4- 6 |  7- 9 | 10-12 || total
---------------------------+-------+-------+-------+-------++-------
  Melee: War axe           |       |       |     2 |       ||     2
   Cast: Foxfire           |    67 |   113 |   130 |    31 ||   341
         Scorch            |    16 |    24 |   112 |    58 ||   210
         Flame Wave        |       |       |    13 |    16 ||    29
         Mephitic Cloud    |       |       |       |     3 ||     3
         Olgreb's Toxic Ra |       |       |       |     6 ||     6
    Use: Scroll            |       |     5 |     7 |     6 ||    18
         Potion            |       |       |     3 |     1 ||     4
 Armour: Robe              |     4 |     2 |     5 |     5 ||    16
  Dodge: Dodged            |    10 |    13 |    51 |    66 ||   140

Table legend: (Time is in decaauts)
 A = Elapsed time spent in this place.
 B = Non-inter-level travel time spent in this place.
 C = Inter-level travel time spent in this place.
 D = Time resting spent in this place.
 E = Time spent auto-exploring this place.
 F = Levels seen in this place.
 G = Mean time per level.
                   A        B        C        D        E       F      G
               +--------+--------+--------+--------+--------+-----+--------+
         Total |  12145 |  11637 |    508 |   2117 |   7641 |  12 | 1012.1 |
       Dungeon |  10793 |  10342 |    451 |   1807 |   6942 |   9 | 1199.2 |
        Temple |    179 |    175 |      4 |      0 |    167 |   1 |  179.0 |
          Lair |   1172 |   1119 |     53 |    310 |    532 |   2 |  586.0 |
               +--------+--------+--------+--------+--------+-----+--------+

Top non-repeatable levels by time:
     D:6: 1882 daAuts
     D:8: 1702 daAuts
     D:4: 1401 daAuts
     D:1: 1321 daAuts
     D:2: 1170 daAuts
     D:7: 1030 daAuts
     D:5: 965 daAuts
  Lair:1: 857 daAuts
     D:3: 801 daAuts
     D:9: 517 daAuts
  Lair:2: 314 daAuts
  Temple: 179 daAuts
